Manchots vs Machettes

Created - 2 mars 2013 at 23:22

Goals
1 2 3 OT1 SO T
Manchots 0 1 1 0 1 2
Machettes 0 1 1 0 2 3
Shots
1 2 3 OT1 SO T
Manchots 11 12 4 1 3 28
Machettes 14 10 18 2 3 44

1st period

No Goal

Penalties :
Dustin Jeffrey (CLM) for Holding (Minor) at 2:40, Tyler Kennedy (Out) for Hooking (Minor) at 6:14, Tyler Kennedy (Out) for High sticking (Minor) at 19:12

2nd period

1. Machettes , Andrew Orpik 1 (Alec Martinez, Dustin Jeffrey) at 10:24
2. Manchots , Alexander Radulov 17 (Logan Couture, Kris Russell) at 19:07

Penalties :
Fredrik Sjostrom (Out) for Tripping (Minor) at 1:45, Andrew MacDonald (CLM) for Hooking (Minor) at 12:28

3rd period

3. Machettes , Matt Keith 9 (James Wisniewski, Stephane Da Costa) at 17:48
4. Manchots , Alexander Radulov 18 (Logan Couture, Hal Gill) at 19:02

Penalties :
Matt Keith (CLM) for Hooking (Minor) at 0:59, Andrew MacDonald (CLM) for Tripping (Minor) at 4:41

Overtime #1

No Goal

Penalties :
Jamie Benn (Out) for Goalie Interference (Minor) at 4:24

Shootout

Penalty Shot by Alexander Radulov for Manchots - Shot Misses the Net
Penalty Shot by Brad Winchester for Machettes - Goal!
Penalty Shot by Fredrik Sjostrom for Manchots - Goal!
Penalty Shot by Stefan Ruzicka for Machettes - Stopped by Ondrej Pavelec
Penalty Shot by Petr Sykora for Manchots - Stopped by Mathieu Garon
Penalty Shot by Steven Goertzen for Machettes - Goal!

Penalties :
No Penalty

Goalie Stats

Ondrej Pavelec (Out), 42 saves from 44 shots - (0,955), OTL, 15-7-4, 64:58 minutes
Mathieu Garon (CLM), 26 saves from 28 shots - (0,929), W, 16-10-5, 65:00 minutes

Players Stats for Manchots

Player Name              G  A  P  +/- PIM S  H  SB GA TA FO     MP     PP MP  PK MP  
------------------------------------------------------------------------------------
Alexander Radulov        2  0  2   2  0   6  2  2  2  0  2/2    19:21   4:21   0:00 
Cal Clutterbuck          0  0  0  -1  0   0  0  0  0  0  1/1    10:46   0:11   0:00 
Denis Arkhipov           0  0  0  -1  0   0  0  0  1  0  7/10   15:51   0:00   4:08 
Eric Gryba               0  0  0  -1  0   0  0  0  0  0  0/0    11:13   0:00   0:00 
Eric Tangradi            0  0  0   0  0   2  1  0  0  0  0/0     8:35   0:11   0:06 
Fredrik Sjostrom         0  0  0  -1  2   4  1  0  2  0  1/1    19:38   3:24   1:20 
Hal Gill                 0  1  1   0  0   0  1  4  1  0  0/0    26:40   3:25   4:08 
Ilkka Heikkinen          0  0  0   0  0   2  1  2  0  0  0/0    23:08   4:31   2:24 
Jamie Benn               0  0  0   2  2   1  2  0  0  0  1/3    19:59   4:21   1:03 
Kris Russell             0  1  1   1  0   1  0  1  2  0  0/0    23:40   3:25   2:55 
Logan Couture            0  2  2   2  0   2  1  0  0  0  7/30   22:05   4:21   1:30 
Pernell Karl Subban      0  0  0   1  0   2  3  2  0  1  0/0    28:09   4:31   0:00 
Petr Sykora              0  0  0  -1  0   1  0  1  0  0  2/2    16:29   0:11   3:28 
Richard Petiot           0  0  0  -1  0   0  0  2  0  0  0/0    17:10   0:00   3:37 
Roman Cervenka           0  0  0   0  0   0  0  0  0  0  0/3     8:20   0:00   0:11 
Spencer Machacek         0  0  0   0  0   0  2  0  0  0  0/0     8:09   0:00   0:00 
Tyler Kennedy            0  0  0  -1  4   3  0  0  0  0  6/18   17:29   3:24   0:43 
Wade Belak               0  0  0  -1  0   4  1  1  0  0  0/0    16:42   3:24   0:00 

Players Stats for Machettes

Player Name              G  A  P  +/- PIM S  H  SB GA TA FO     MP     PP MP  PK MP  
------------------------------------------------------------------------------------
Alec Martinez            0  1  1   1  0   1  1  0  0  1  0/0    11:11   0:00   1:09 
Alex Plante              0  0  0   0  0   0  1  0  0  0  0/0     5:01   0:00   0:12 
Andrew MacDonald         0  0  0   0  4   3  0  0  0  0  0/0    20:19   2:18   1:41 
Andrew Orpik             1  0  1   1  0   1  1  0  0  0  0/0     9:32   0:00   0:00 
Angelo Esposito          0  0  0   0  0   0  0  0  0  0  0/0     0:00   0:00   0:00 
Ben Blood                0  0  0   0  0   0  1  1  0  0  0/0     4:49   0:00   0:00 
Brad Winchester          0  0  0  -1  0   3  2  2  1  0  12/18  24:49   3:14   4:38 
Cory Emmerton            0  0  0  -1  0   2  2  0  0  0  6/10   15:46   2:40   0:00 
Dustin Jeffrey           0  1  1   1  2   0  2  0  0  0  0/0     6:31   0:00   0:00 
James Wisniewski         0  1  1   0  0   1  1  2  0  1  0/0    21:20   2:18   2:40 
John Mitchell            0  0  0  -1  0   4  1  0  0  0  15/28  21:34   3:14   2:14 
Luca Caputi              0  0  0   0  0   0  0  0  0  0  0/0     0:00   0:00   0:00 
Matt Keith               1  0  1   1  2   6  1  2  0  1  0/1    12:44   0:06   0:00 
Michal Repik             0  0  0   1  0   0  2  0  0  0  0/0     6:30   0:00   0:00 
Mike Lundin              0  0  0  -1  0   3  2  1  0  2  0/0    29:19   3:39   5:16 
Peter Olvecky            0  0  0  -1  0   3  2  0  0  0  0/0    17:01   2:40   1:14 
Rick Schofield           0  0  0   1  0   0  0  0  0  0  1/1     6:30   0:00   0:00 
Stefan Ruzicka           0  0  0  -1  0   4  1  1  0  1  1/1    24:48   3:14   4:37 
Stephane Da Costa        0  1  1   1  0   6  0  1  0  0  5/8    12:51   0:00   1:04 
Steven Goertzen          0  0  0  -1  0   4  0  1  0  1  2/2    19:50   2:40   2:05 
Tom Gilbert              0  0  0  -1  0   2  2  6  0  1  0/0    28:57   3:39   4:54 
Tyler McNeely            0  0  0   1  0   1  1  0  0  0  1/1    12:38   0:03   0:00 

3 Stars

1 - Alexander Radulov (Out)
2 - Ondrej Pavelec (Out)
3 - Logan Couture (Out)

Power Play

Manchots - 0 on 4 Attempt(s) - 0,00%
Machettes - 0 on 4 Attempt(s) - 0,00%

Penalty Kill

Manchots - 4 on 4 Attempt(s) - 100,00% - Score 0 goal in Penalty Kill
Machettes - 4 on 4 Attempt(s) - 100,00% - Score 0 goal in Penalty Kill

Official

Referees : Pochmara Brian and Morton Dean
Linesman : David Brisebois and Steve Miller

Game Notes

19:14 of 3rd period - Machettes goal is going for a video replay. After video review, No Goal. The puck has been directed, batted or thrown into the net by an attacking player other than with a stick.

Manchots

5 vs 5 Forward 
   Center                   Left Wing                Right Wing               Time % Phy DF OF 
 1 Logan Couture            Jamie Benn               Alexander Radulov        38     0   1  4  
 2 Tyler Kennedy            Fredrik Sjostrom         Wade Belak               37     0   1  4  
 3 Denis Arkhipov           Petr Sykora              Cal Clutterbuck          18     1   1  3  
 4 Roman Cervenka           Eric Tangradi            Spencer Machacek         7      1   1  3  

5 vs 5 Defense 
   Defense                  Defense                                           Time % Phy DF OF 
 1 Pernell Karl Subban      Kris Russell                                      40     1   2  2  
 2 Ilkka Heikkinen          Hal Gill                                          30     1   2  2  
 3 Eric Gryba               Richard Petiot                                    17     1   2  2  
 4 Hal Gill                 Pernell Karl Subban                               13     1   1  3  

PowerPlay Forward 
   Center                   Left Wing                Right Wing               Time % Phy DF OF 
 1 Logan Couture            Jamie Benn               Alexander Radulov        60     1   1  3  
 2 Tyler Kennedy            Fredrik Sjostrom         Wade Belak               40     1   1  3  

PowerPlay Defense
   Defense                  Defense                                           Time % Phy DF OF 
 1 Ilkka Heikkinen          Pernell Karl Subban                               60     1   1  3  
 2 Hal Gill                 Kris Russell                                      40     1   1  3  

Penalty Kill 4 Players Forward 
   Center                   Wing                     Time % Phy DF OF 
 1 Denis Arkhipov           Petr Sykora              60     1   2  2  
 2 Tyler Kennedy            Fredrik Sjostrom         40     1   2  2  

Penalty Kill 4 Players Defense
   Defense                  Defense                  Time % Phy DF OF 
 1 Hal Gill                 Richard Petiot           60     1   2  2  
 2 Ilkka Heikkinen          Kris Russell             40     1   2  2  

Penalty Kill - 3 Players Forward 
   Forward                                           Time % Phy DF OF 
 1 Denis Arkhipov                                    60     1   2  2  
 2 Tyler Kennedy                                     40     1   2  2  

Penalty Kill - 3 Players Defense
   Defense                  Defense                  Time % Phy DF OF 
 1 Kris Russell             Hal Gill                 60     1   2  2  
 2 Richard Petiot           Ilkka Heikkinen          40     1   2  2  

4 vs 4 Forward 
   Center                   Wing                     Time % Phy DF OF 
 1 Logan Couture            Petr Sykora              60     1   1  3  
 2 Denis Arkhipov           Fredrik Sjostrom         40     1   1  3  

4 vs 4 Defense
   Defense                  Defense                  Time % Phy DF OF 
 1 Pernell Karl Subban      Ilkka Heikkinen          60     1   1  3  
 2 Hal Gill                 Richard Petiot           40     1   1  3  

Last Minutes Offensive
   Center                   Left Wing                Right Wing               Defense                  Defense                  
   Logan Couture            Fredrik Sjostrom         Petr Sykora              Ilkka Heikkinen          Pernell Karl Subban      

Last Minutes Defensive
   Center                   Left Wing                Right Wing               Defense                  Defense                  
   Denis Arkhipov           Fredrik Sjostrom         Petr Sykora              Richard Petiot           Hal Gill                 

Goaltenders
Starting : Ondrej Pavelec           
Backup : Sebastien Caron          

Extra Forwards
Normal : Fredrik Sjostrom, Alexander Radulov, Petr Sykora - PP : Petr Sykora, Fredrik Sjostrom - PK : Denis Arkhipov
Extra Defensemen
Normal : Hal Gill, Pernell Karl Subban, Kris Russell - PP : Pernell Karl Subban - PK : Ilkka Heikkinen, Hal Gill
Penalty Shots
Alexander Radulov, Fredrik Sjostrom, Petr Sykora, Logan Couture, Denis Arkhipov

Machettes

5 vs 5 Forward 
   Center                   Left Wing                Right Wing               Time % Phy DF OF 
 1 John Mitchell            Brad Winchester          Stefan Ruzicka           40     1   2  2  
 2 Cory Emmerton            Peter Olvecky            Steven Goertzen          30     1   2  2  
 3 Stephane Da Costa        Tyler McNeely            Matt Keith               20     1   2  2  
 4 Rick Schofield           Dustin Jeffrey           Michal Repik             10     1   2  2  

5 vs 5 Defense 
   Defense                  Defense                                           Time % Phy DF OF 
 1 Mike Lundin              Tom Gilbert                                       40     1   2  2  
 2 James Wisniewski         Andrew MacDonald                                  30     1   2  2  
 3 Andrew Orpik             Alec Martinez                                     20     1   2  2  
 4 Alex Plante              Ben Blood                                         10     1   2  2  

PowerPlay Forward 
   Center                   Left Wing                Right Wing               Time % Phy DF OF 
 1 John Mitchell            Brad Winchester          Stefan Ruzicka           60     1   2  2  
 2 Cory Emmerton            Peter Olvecky            Steven Goertzen          40     1   2  2  

PowerPlay Defense
   Defense                  Defense                                           Time % Phy DF OF 
 1 Mike Lundin              Tom Gilbert                                       60     1   2  2  
 2 James Wisniewski         Andrew MacDonald                                  40     1   2  2  

Penalty Kill 4 Players Forward 
   Center                   Wing                     Time % Phy DF OF 
 1 Brad Winchester          Stefan Ruzicka           60     1   2  2  
 2 Steven Goertzen          John Mitchell            40     1   2  2  

Penalty Kill 4 Players Defense
   Defense                  Defense                  Time % Phy DF OF 
 1 Mike Lundin              Tom Gilbert              60     1   2  2  
 2 James Wisniewski         Andrew MacDonald         40     1   2  2  

Penalty Kill - 3 Players Forward 
   Forward                                           Time % Phy DF OF 
 1 Brad Winchester                                   60     1   2  2  
 2 Stefan Ruzicka                                    40     1   2  2  

Penalty Kill - 3 Players Defense
   Defense                  Defense                  Time % Phy DF OF 
 1 Mike Lundin              Tom Gilbert              60     1   2  2  
 2 James Wisniewski         Andrew MacDonald         40     1   2  2  

4 vs 4 Forward 
   Center                   Wing                     Time % Phy DF OF 
 1 Brad Winchester          Stefan Ruzicka           60     1   2  2  
 2 Steven Goertzen          John Mitchell            40     1   2  2  

4 vs 4 Defense
   Defense                  Defense                  Time % Phy DF OF 
 1 Mike Lundin              Tom Gilbert              60     1   2  2  
 2 James Wisniewski         Andrew MacDonald         40     1   2  2  

Last Minutes Offensive
   Center                   Left Wing                Right Wing               Defense                  Defense                  
   John Mitchell            Brad Winchester          Stefan Ruzicka           Mike Lundin              Tom Gilbert              

Last Minutes Defensive
   Center                   Left Wing                Right Wing               Defense                  Defense                  
   John Mitchell            Brad Winchester          Stefan Ruzicka           Mike Lundin              Tom Gilbert              

Goaltenders
Starting : Mathieu Garon            
Backup : Marek Schwarz            

Extra Forwards
Normal : Matt Keith, Tyler McNeely, Stephane Da Costa - PP : Matt Keith, Tyler McNeely - PK : Stephane Da Costa
Extra Defensemen
Normal : Andrew Orpik, Alec Martinez, Alex Plante - PP : Andrew Orpik - PK : Alec Martinez, Alex Plante
Penalty Shots
Brad Winchester, Stefan Ruzicka, Steven Goertzen, John Mitchell, Matt Keith

% Time on Ice - Manchots

Lines # - Real PCT - Wanted PCT - Time Play
Normal Forward
1 - 31% - 38% - 14:13
2 - 29% - 37% - 13:19
3 - 23% - 18% - 10:26
4 - 18% - 7% - 8:09
Normal Defense
1 - 38% - 40% - 17:21
2 - 30% - 30% - 13:55
3 - 22% - 17% - 10:14
4 - 10% - 13% - 4:37
PP Forward
1 - 57% - 60% - 4:32
2 - 43% - 40% - 3:24
PP Defense
1 - 57% - 60% - 4:31
2 - 43% - 40% - 3:25
PK Forward
1 - 66% - 60% - 3:54
2 - 34% - 40% - 2:03
PK Defense
1 - 60% - 60% - 3:35
2 - 40% - 40% - 2:22
PK3 Forward
1 - 100% - 60% - 0:35
2 - 0% - 40% - 0:00
PK3 Defense
1 - 94% - 60% - 0:33
2 - 6% - 40% - 0:02
44 Forward
1 - 78% - 60% - 3:27
2 - 22% - 40% - 0:58
44 Defense
1 - 57% - 60% - 2:32
2 - 43% - 40% - 1:53
Last Minute Offensive  - 0:00
Last Minute Defensive  - 0:00
Total
Forward - 65:00
Defense - 65:00

% Time on Ice - Machettes

Lines # - Real PCT - Wanted PCT - Time Play
Normal Forward
1 - 31% - 40% - 14:14
2 - 29% - 30% - 13:36
3 - 26% - 20% - 11:47
4 - 14% - 10% - 6:30
Normal Defense
1 - 39% - 40% - 17:49
2 - 30% - 30% - 13:57
3 - 21% - 20% - 9:32
4 - 10% - 10% - 4:49
PP Forward
1 - 55% - 60% - 3:17
2 - 45% - 40% - 2:40
PP Defense
1 - 61% - 60% - 3:39
2 - 39% - 40% - 2:18
PK Forward
1 - 74% - 60% - 5:51
2 - 26% - 40% - 2:05
PK Defense
1 - 66% - 60% - 5:16
2 - 34% - 40% - 2:40
PK3 Forward
1 - 0% - 60%
2 - 0% - 40%
PK3 Defense
1 - 0% - 60%
2 - 0% - 40%
44 Forward
1 - 70% - 60% - 3:31
2 - 30% - 40% - 1:29
44 Defense
1 - 52% - 60% - 2:35
2 - 48% - 40% - 2:25
Last Minute Offensive  - 0:00
Last Minute Defensive  - 0:00
Total
Forward - 65:00
Defense - 65:00

Play by Play

1st period


0:01 of 1st period - Stefan Ruzicka wins face-off versus Logan Couture in neutral zone.
0:04 of 1st period - Snap shot by Brad Winchester.
0:04 of 1st period - Shot Misses the Net.
0:28 of 1st period - Icing by Kris Russell.
0:29 of 1st period - Cory Emmerton wins face-off versus Tyler Kennedy in Manchots zone.
0:30 of 1st period - Snap shot by Steven Goertzen.
0:30 of 1st period - Stopped by Ondrej Pavelec with a rebound.
0:32 of 1st period - Snap shot by Cory Emmerton.
0:32 of 1st period - Stopped by Ondrej Pavelec with a rebound.
0:48 of 1st period - Slapshot by Fredrik Sjostrom.
0:48 of 1st period - Shot Blocked by James Wisniewski.
1:05 of 1st period - Wrist shot by Fredrik Sjostrom.
1:05 of 1st period - Stopped by Mathieu Garon with a rebound.
1:13 of 1st period - Slapshot by Fredrik Sjostrom.
1:13 of 1st period - Stopped by Mathieu Garon with a rebound.
1:27 of 1st period - Snap shot by Fredrik Sjostrom.
1:27 of 1st period - Deflect By Tyler Kennedy.
1:27 of 1st period - Stopped by Mathieu Garon with a rebound.
1:29 of 1st period - Slapshot by Pernell Karl Subban.
1:29 of 1st period - Shot Misses the Net.
1:35 of 1st period - Wrist shot by Tyler Kennedy.
1:35 of 1st period - Stopped by Mathieu Garon with a rebound.
1:41 of 1st period - Snap shot by Fredrik Sjostrom.
1:41 of 1st period - Shot Misses the Net.
1:43 of 1st period - Wrist shot by Tyler Kennedy.
1:43 of 1st period - Stopped by Mathieu Garon with a rebound.
1:45 of 1st period - Slapshot by Hal Gill.
1:45 of 1st period - Shot Blocked by Steven Goertzen.
1:47 of 1st period - Slapshot by Ilkka Heikkinen.
1:47 of 1st period - Stopped by Mathieu Garon without a rebound.
1:48 of 1st period - Stephane Da Costa wins face-off versus Logan Couture in Machettes zone.
2:03 of 1st period - Wrist shot by Stephane Da Costa.
2:03 of 1st period - Stopped by Ondrej Pavelec with a rebound.
2:40 of 1st period - Minor Penalty to Dustin Jeffrey for Holding.
2:41 of 1st period - Brad Winchester wins face-off versus Logan Couture in Machettes zone.
2:50 of 1st period - Snap shot by Jamie Benn.
2:50 of 1st period - Shot Blocked by Stefan Ruzicka.
2:52 of 1st period - Slapshot by Ilkka Heikkinen.
2:52 of 1st period - Shot Misses the Net.
2:54 of 1st period - Snap shot by Pernell Karl Subban.
2:54 of 1st period - Shot Misses the Net.
2:56 of 1st period - Slapshot by Kris Russell.
2:56 of 1st period - Stopped by Mathieu Garon without a rebound.
2:57 of 1st period - Alexander Radulov wins face-off versus Brad Winchester in Machettes zone.
3:10 of 1st period - Slapshot by Alexander Radulov.
3:10 of 1st period - Shot Misses the Net.
4:40 of 1st period - Penalty to Dustin Jeffrey is over, Dustin Jeffrey is back on ice.
5:25 of 1st period - Off-side.
5:26 of 1st period - Steven Goertzen wins face-off versus Roman Cervenka in neutral zone.
5:29 of 1st period - Slapshot by Peter Olvecky.
5:29 of 1st period - Stopped by Ondrej Pavelec with a rebound.
5:53 of 1st period - Eric Gryba is hit by Ben Blood and loses puck.
6:00 of 1st period - Brad Winchester is hit by Alexander Radulov and loses puck.
6:14 of 1st period - Minor Penalty to Tyler Kennedy for Hooking.
6:15 of 1st period - John Mitchell wins face-off versus Denis Arkhipov in Manchots zone.
8:14 of 1st period - Penalty to Tyler Kennedy is over, Tyler Kennedy is back on ice.
8:24 of 1st period - Hal Gill is hit by Dustin Jeffrey and loses puck.
8:48 of 1st period - Wrist shot by Stephane Da Costa.
8:48 of 1st period - Stopped by Ondrej Pavelec without a rebound.
8:49 of 1st period - Tyler McNeely wins face-off versus Tyler Kennedy in Manchots zone.
9:00 of 1st period - Wrist shot by Stephane Da Costa.
9:00 of 1st period - Stopped by Ondrej Pavelec without a rebound.
9:01 of 1st period - John Mitchell wins face-off versus Logan Couture in Manchots zone.
9:02 of 1st period - Wrist shot by Brad Winchester.
9:02 of 1st period - Shot Blocked by Pernell Karl Subban.
9:10 of 1st period - Snap shot by Alexander Radulov.
9:10 of 1st period - Shot Blocked by Tom Gilbert.
9:12 of 1st period - Snap shot by Alexander Radulov.
9:12 of 1st period - Shot Blocked by Tom Gilbert.
9:59 of 1st period - Slapshot by James Wisniewski.
9:59 of 1st period - Shot Misses the Net.
10:06 of 1st period - Icing by Hal Gill.
10:07 of 1st period - Cal Clutterbuck wins face-off versus Stephane Da Costa in Manchots zone.
10:09 of 1st period - Icing by Denis Arkhipov.
10:10 of 1st period - Stephane Da Costa wins face-off versus Logan Couture in Manchots zone.
11:02 of 1st period - Wrist shot by Steven Goertzen.
11:02 of 1st period - Shot Misses the Net.
11:04 of 1st period - Snap shot by Peter Olvecky.
11:04 of 1st period - Stopped by Ondrej Pavelec without a rebound.
11:05 of 1st period - Logan Couture wins face-off versus Cory Emmerton in Manchots zone.
11:20 of 1st period - Icing by Kris Russell.
11:21 of 1st period - John Mitchell wins face-off versus Logan Couture in Manchots zone.
11:28 of 1st period - Slapshot by Brad Winchester.
11:28 of 1st period - Stopped by Ondrej Pavelec with a rebound.
11:30 of 1st period - Slapshot by Stefan Ruzicka.
11:30 of 1st period - Stopped by Ondrej Pavelec without a rebound.
11:31 of 1st period - John Mitchell wins face-off versus Logan Couture in Manchots zone.
12:00 of 1st period - Snap shot by John Mitchell.
12:00 of 1st period - Stopped by Ondrej Pavelec without a rebound.
12:01 of 1st period - Cory Emmerton wins face-off versus Tyler Kennedy in Manchots zone.
12:35 of 1st period - Wrist shot by Jamie Benn.
12:35 of 1st period - Stopped by Mathieu Garon without a rebound.
12:36 of 1st period - John Mitchell wins face-off versus Logan Couture in Machettes zone.
13:45 of 1st period - Slapshot by Ilkka Heikkinen.
13:45 of 1st period - Shot Misses the Net.
13:47 of 1st period - Snap shot by Petr Sykora.
13:47 of 1st period - Stopped by Mathieu Garon without a rebound.
13:48 of 1st period - Petr Sykora wins face-off versus John Mitchell in Machettes zone.
14:22 of 1st period - Snap shot by Alexander Radulov.
14:22 of 1st period - Deflect By Jamie Benn.
14:22 of 1st period - Shot Blocked by Tom Gilbert.
14:22 of 1st period - Puck is out of play.
14:23 of 1st period - Tyler Kennedy wins face-off versus Stephane Da Costa in Machettes zone.
15:40 of 1st period - Slapshot by Ilkka Heikkinen.
15:40 of 1st period - Shot Misses the Net.
15:54 of 1st period - Snap shot by Brad Winchester.
15:54 of 1st period - Shot Blocked by Hal Gill.
15:56 of 1st period - Slapshot by Andrew MacDonald.
15:56 of 1st period - Deflect By Hal Gill.
15:56 of 1st period - Stopped by Ondrej Pavelec without a rebound.
15:57 of 1st period - Logan Couture wins face-off versus John Mitchell in Manchots zone.
15:57 of 1st period - Logan Couture is hit by Stefan Ruzicka.
16:07 of 1st period - Wrist shot by Stefan Ruzicka.
16:07 of 1st period - Stopped by Ondrej Pavelec without a rebound.
16:08 of 1st period - John Mitchell wins face-off versus Logan Couture in Manchots zone.
16:11 of 1st period - Snap shot by Brad Winchester.
16:11 of 1st period - Shot Blocked by Alexander Radulov.
17:13 of 1st period - Slapshot by Tom Gilbert.
17:13 of 1st period - Stopped by Ondrej Pavelec with a rebound.
18:02 of 1st period - Wrist shot by Peter Olvecky.
18:02 of 1st period - Shot Misses the Net.
18:48 of 1st period - Kris Russell is hit by Michal Repik and loses puck.
19:03 of 1st period - Wrist shot by Alexander Radulov.
19:03 of 1st period - Shot Blocked by Brad Winchester.
19:05 of 1st period - Snap shot by Pernell Karl Subban.
19:05 of 1st period - Stopped by Mathieu Garon with a rebound.
19:07 of 1st period - Snap shot by Pernell Karl Subban.
19:07 of 1st period - Shot Blocked by Brad Winchester.
19:09 of 1st period - Snap shot by Logan Couture.
19:09 of 1st period - Stopped by Mathieu Garon without a rebound.
19:10 of 1st period - Tyler Kennedy wins face-off versus Cory Emmerton in Machettes zone.
19:12 of 1st period - Minor Penalty to Tyler Kennedy for High sticking.
19:13 of 1st period - Denis Arkhipov wins face-off versus John Mitchell in Manchots zone.
19:22 of 1st period - Slapshot by Mike Lundin.
19:22 of 1st period - Stopped by Ondrej Pavelec with a rebound.
19:38 of 1st period - Richard Petiot is hit by Mike Lundin and loses puck.

2nd period


0:01 of 2nd period - Denis Arkhipov wins face-off versus John Mitchell in neutral zone.
1:12 of 2nd period - Penalty to Tyler Kennedy is over, Tyler Kennedy is back on ice.
1:25 of 2nd period - Slapshot by James Wisniewski.
1:25 of 2nd period - Shot Misses the Net.
1:45 of 2nd period - Minor Penalty to Fredrik Sjostrom for Tripping.
1:46 of 2nd period - Denis Arkhipov wins face-off versus John Mitchell in Manchots zone.
1:46 of 2nd period - Denis Arkhipov is hit by Brad Winchester.
2:12 of 2nd period - Denis Arkhipov is hit by Peter Olvecky and loses puck.
2:20 of 2nd period - Slapshot by James Wisniewski.
2:20 of 2nd period - Stopped by Ondrej Pavelec with a rebound.
2:22 of 2nd period - Snap shot by Peter Olvecky.
2:22 of 2nd period - Deflect By Denis Arkhipov.
2:22 of 2nd period - Shot Misses the Net.
2:22 of 2nd period - Puck is out of play.
2:23 of 2nd period - Brad Winchester wins face-off versus Tyler Kennedy in Manchots zone.
2:58 of 2nd period - Slapshot by Peter Olvecky.
2:58 of 2nd period - Shot Misses the Net.
3:45 of 2nd period - Penalty to Fredrik Sjostrom is over, Fredrik Sjostrom is back on ice.
3:56 of 2nd period - Tom Gilbert is hit by Spencer Machacek.
4:05 of 2nd period - Andrew Orpik is hit by Eric Tangradi and loses puck.
4:38 of 2nd period - Snap shot by Alexander Radulov.
4:38 of 2nd period - Stopped by Mathieu Garon without a rebound.
4:39 of 2nd period - Logan Couture wins face-off versus John Mitchell in Machettes zone.
4:54 of 2nd period - Stefan Ruzicka is hit by Jamie Benn and loses puck.
5:25 of 2nd period - Backhand shot by Alexander Radulov.
5:25 of 2nd period - Stopped by Mathieu Garon without a rebound.
5:26 of 2nd period - Tyler Kennedy wins face-off versus Cory Emmerton in Machettes zone.
5:35 of 2nd period - Slapshot by James Wisniewski.
5:35 of 2nd period - Shot Blocked by Wade Belak.
5:37 of 2nd period - Slapshot by Steven Goertzen.
5:37 of 2nd period - Deflect By Peter Olvecky.
5:37 of 2nd period - Shot Misses the Net.
5:37 of 2nd period - Puck is out of play.
5:38 of 2nd period - Cory Emmerton wins face-off versus Tyler Kennedy in Manchots zone.
6:12 of 2nd period - Slapshot by Hal Gill.
6:12 of 2nd period - Shot Blocked by Tom Gilbert.
6:28 of 2nd period - Slapshot by Tom Gilbert.
6:28 of 2nd period - Stopped by Ondrej Pavelec with a rebound.
6:30 of 2nd period - Slapshot by Mike Lundin.
6:30 of 2nd period - Stopped by Ondrej Pavelec with a rebound.
6:32 of 2nd period - Slapshot by Mike Lundin.
6:32 of 2nd period - Deflect By Dustin Jeffrey.
6:32 of 2nd period - Shot Misses the Net.
6:32 of 2nd period - Puck is out of play.
6:33 of 2nd period - John Mitchell wins face-off versus Logan Couture in Manchots zone.
6:38 of 2nd period - Wrist shot by Brad Winchester.
6:38 of 2nd period - Stopped by Ondrej Pavelec with a rebound.
7:43 of 2nd period - Slapshot by Eric Tangradi.
7:43 of 2nd period - Deflect By Roman Cervenka.
7:43 of 2nd period - Shot Hit the Post.
7:43 of 2nd period - Puck is out of play.
7:44 of 2nd period - John Mitchell wins face-off versus Roman Cervenka in Machettes zone.
7:57 of 2nd period - Wrist shot by John Mitchell.
7:57 of 2nd period - Stopped by Ondrej Pavelec with a rebound.
7:59 of 2nd period - Slapshot by Tom Gilbert.
7:59 of 2nd period - Deflect By John Mitchell.
7:59 of 2nd period - Stopped by Ondrej Pavelec with a rebound.
9:16 of 2nd period - Alexander Radulov is hit by Peter Olvecky and loses puck.
9:21 of 2nd period - Snap shot by Cory Emmerton.
9:21 of 2nd period - Shot Blocked by Richard Petiot.
9:41 of 2nd period - Snap shot by Eric Tangradi.
9:41 of 2nd period - Stopped by Mathieu Garon with a rebound.
9:43 of 2nd period - Snap shot by Eric Tangradi.
9:43 of 2nd period - Stopped by Mathieu Garon with a rebound.
9:59 of 2nd period - Snap shot by Stephane Da Costa.
9:59 of 2nd period - Shot Misses the Net.
10:01 of 2nd period - Slapshot by James Wisniewski.
10:01 of 2nd period - Shot Blocked by Pernell Karl Subban.
10:03 of 2nd period - Slapshot by Matt Keith.
10:03 of 2nd period - Shot Misses the Net.
10:14 of 2nd period - Off-side.
10:15 of 2nd period - Rick Schofield wins face-off versus Denis Arkhipov in neutral zone.
10:20 of 2nd period - Snap shot by Dustin Jeffrey.
10:20 of 2nd period - Shot Blocked by Ilkka Heikkinen.
10:22 of 2nd period - Snap shot by Alec Martinez.
10:22 of 2nd period - Stopped by Ondrej Pavelec with a rebound.
10:24 of 2nd period - Slapshot by Andrew Orpik.
10:24 of 2nd period - Goal by Andrew Orpik - Manchots : 0 - Machettes : 1.
10:25 of 2nd period - Jamie Benn wins face-off versus John Mitchell in neutral zone.
10:38 of 2nd period - Slapshot by Brad Winchester.
10:38 of 2nd period - Stopped by Ondrej Pavelec with a rebound.
10:40 of 2nd period - Snap shot by Brad Winchester.
10:40 of 2nd period - Deflect By Stefan Ruzicka.
10:40 of 2nd period - Deflect By Alexander Radulov.
10:40 of 2nd period - Shot Blocked by Hal Gill.
10:40 of 2nd period - Puck is out of play.
10:41 of 2nd period - Tyler Kennedy wins face-off versus Cory Emmerton in Manchots zone.
10:56 of 2nd period - Wrist shot by Wade Belak.
10:56 of 2nd period - Shot Misses the Net.
11:11 of 2nd period - Off-side.
11:12 of 2nd period - John Mitchell wins face-off versus Logan Couture in neutral zone.
11:23 of 2nd period - Wrist shot by Logan Couture.
11:23 of 2nd period - Shot Blocked by James Wisniewski.
11:25 of 2nd period - Wrist shot by Logan Couture.
11:25 of 2nd period - Stopped by Mathieu Garon without a rebound.
11:26 of 2nd period - Fredrik Sjostrom wins face-off versus John Mitchell in Machettes zone.
11:27 of 2nd period - Snap shot by Wade Belak.
11:27 of 2nd period - Stopped by Mathieu Garon without a rebound.
11:28 of 2nd period - Brad Winchester wins face-off versus Tyler Kennedy in Machettes zone.
11:41 of 2nd period - Snap shot by Fredrik Sjostrom.
11:41 of 2nd period - Shot Misses the Net.
11:43 of 2nd period - Wrist shot by Wade Belak.
11:43 of 2nd period - Shot Misses the Net.
12:18 of 2nd period - Snap shot by Stephane Da Costa.
12:18 of 2nd period - Stopped by Ondrej Pavelec without a rebound.
12:19 of 2nd period - Denis Arkhipov wins face-off versus John Mitchell in Manchots zone.
12:19 of 2nd period - Denis Arkhipov is hit by John Mitchell.
12:28 of 2nd period - Minor Penalty to Andrew MacDonald for Hooking.
12:29 of 2nd period - Brad Winchester wins face-off versus Logan Couture in Machettes zone.
12:39 of 2nd period - Icing by Ilkka Heikkinen.
12:40 of 2nd period - Brad Winchester wins face-off versus Logan Couture in Manchots zone.
13:00 of 2nd period - Slapshot by Ilkka Heikkinen.
13:00 of 2nd period - Stopped by Mathieu Garon without a rebound.
13:01 of 2nd period - Tyler Kennedy wins face-off versus Brad Winchester in Machettes zone.
13:10 of 2nd period - Snap shot by Fredrik Sjostrom.
13:10 of 2nd period - Stopped by Mathieu Garon without a rebound.
13:11 of 2nd period - Brad Winchester wins face-off versus Tyler Kennedy in Machettes zone.
13:36 of 2nd period - Slapshot by Wade Belak.
13:36 of 2nd period - Shot Misses the Net.
13:38 of 2nd period - Snap shot by Wade Belak.
13:38 of 2nd period - Shot Misses the Net.
13:44 of 2nd period - Wrist shot by Wade Belak.
13:44 of 2nd period - Stopped by Mathieu Garon with a rebound.
13:46 of 2nd period - Wrist shot by Wade Belak.
13:46 of 2nd period - Stopped by Mathieu Garon without a rebound.
13:47 of 2nd period - Brad Winchester wins face-off versus Logan Couture in Machettes zone.
14:08 of 2nd period - Snap shot by Steven Goertzen.
14:08 of 2nd period - Shot Blocked by Alexander Radulov.
14:28 of 2nd period - Penalty to Andrew MacDonald is over, Andrew MacDonald is back on ice.
14:44 of 2nd period - Pernell Karl Subban is hit by Mike Lundin and loses puck.
15:01 of 2nd period - Ilkka Heikkinen is hit by Dustin Jeffrey and loses puck.
15:16 of 2nd period - Logan Couture is hit by Cory Emmerton and loses puck.
15:25 of 2nd period - Alexander Radulov is hit by Alec Martinez and loses puck.
15:44 of 2nd period - Denis Arkhipov is hit by Andrew Orpik and loses puck.
15:59 of 2nd period - Wrist shot by Fredrik Sjostrom.
15:59 of 2nd period - Shot Blocked by Matt Keith.
16:01 of 2nd period - Slapshot by Fredrik Sjostrom.
16:01 of 2nd period - Shot Blocked by Ben Blood.
16:03 of 2nd period - Slapshot by Wade Belak.
16:03 of 2nd period - Shot Blocked by Stephane Da Costa.
16:05 of 2nd period - Slapshot by Eric Gryba.
16:05 of 2nd period - Shot Blocked by Matt Keith.
16:27 of 2nd period - Roman Cervenka is hit by Alex Plante and loses puck.
16:38 of 2nd period - Mike Lundin is hit by Jamie Benn and loses puck.
16:44 of 2nd period - Icing by Mike Lundin.
16:45 of 2nd period - Cory Emmerton wins face-off versus Tyler Kennedy in Machettes zone.
16:54 of 2nd period - Slapshot by Cory Emmerton.
16:54 of 2nd period - Shot Hit the Post.
17:59 of 2nd period - Slapshot by Wade Belak.
17:59 of 2nd period - Stopped by Mathieu Garon with a rebound.
18:25 of 2nd period - Richard Petiot is hit by Tyler McNeely and loses puck.
18:55 of 2nd period - Off-side.
18:56 of 2nd period - John Mitchell wins face-off versus Logan Couture in neutral zone.
18:58 of 2nd period - Off-side.
18:59 of 2nd period - Logan Couture wins face-off versus John Mitchell in neutral zone.
19:07 of 2nd period - Snap shot by Alexander Radulov.
19:07 of 2nd period - Goal by Alexander Radulov - Manchots : 1 - Machettes : 1.
19:08 of 2nd period - John Mitchell wins face-off versus Jamie Benn in neutral zone.

3rd period


0:01 of 3rd period - John Mitchell wins face-off versus Logan Couture in neutral zone.
0:35 of 3rd period - Kris Russell is hit by Tom Gilbert and loses puck.
0:59 of 3rd period - Minor Penalty to Matt Keith for Hooking.
1:00 of 3rd period - Brad Winchester wins face-off versus Logan Couture in Machettes zone.
1:27 of 3rd period - Andrew MacDonald is hit by Wade Belak and loses puck.
2:26 of 3rd period - Peter Olvecky is hit by Fredrik Sjostrom and loses puck.
2:59 of 3rd period - Penalty to Matt Keith is over, Matt Keith is back on ice.
3:50 of 3rd period - Wrist shot by Steven Goertzen.
3:50 of 3rd period - Stopped by Ondrej Pavelec with a rebound.
4:41 of 3rd period - Minor Penalty to Andrew MacDonald for Tripping.
4:42 of 3rd period - Stephane Da Costa wins face-off versus Logan Couture in Machettes zone.
4:55 of 3rd period - Slapshot by Pernell Karl Subban.
4:55 of 3rd period - Stopped by Mathieu Garon with a rebound.
4:57 of 3rd period - Snap shot by Alexander Radulov.
4:57 of 3rd period - Stopped by Mathieu Garon without a rebound.
4:58 of 3rd period - Steven Goertzen wins face-off versus Logan Couture in Machettes zone.
5:02 of 3rd period - Off-side.
5:03 of 3rd period - Brad Winchester wins face-off versus Jamie Benn in neutral zone.
5:13 of 3rd period - Off-side.
5:14 of 3rd period - Logan Couture wins face-off versus Brad Winchester in neutral zone.
6:36 of 3rd period - Icing by Wade Belak.
6:37 of 3rd period - Brad Winchester wins face-off versus Tyler Kennedy in Manchots zone.
6:41 of 3rd period - Penalty to Andrew MacDonald is over, Andrew MacDonald is back on ice.
6:50 of 3rd period - Wrist shot by Steven Goertzen.
6:50 of 3rd period - Shot Misses the Net.
6:52 of 3rd period - Wrist shot by John Mitchell.
6:52 of 3rd period - Shot Misses the Net.
6:54 of 3rd period - Wrist shot by Andrew MacDonald.
6:54 of 3rd period - Shot Blocked by Hal Gill.
6:56 of 3rd period - Slapshot by Steven Goertzen.
6:56 of 3rd period - Shot Blocked by Kris Russell.
6:58 of 3rd period - Snap shot by Steven Goertzen.
6:58 of 3rd period - Deflect By Andrew MacDonald.
6:58 of 3rd period - Stopped by Ondrej Pavelec with a rebound.
7:00 of 3rd period - Wrist shot by Andrew MacDonald.
7:00 of 3rd period - Stopped by Ondrej Pavelec with a rebound.
7:02 of 3rd period - Wrist shot by Steven Goertzen.
7:02 of 3rd period - Shot Misses the Net.
7:04 of 3rd period - Snap shot by Steven Goertzen.
7:04 of 3rd period - Shot Misses the Net.
7:06 of 3rd period - Backhand shot by Steven Goertzen.
7:06 of 3rd period - Shot Blocked by Petr Sykora.
7:10 of 3rd period - Slapshot by John Mitchell.
7:10 of 3rd period - Stopped by Ondrej Pavelec without a rebound.
7:11 of 3rd period - Stephane Da Costa wins face-off versus Tyler Kennedy in Manchots zone.
7:14 of 3rd period - Wrist shot by Matt Keith.
7:14 of 3rd period - Stopped by Ondrej Pavelec with a rebound.
8:01 of 3rd period - Snap shot by Peter Olvecky.
8:01 of 3rd period - Stopped by Ondrej Pavelec without a rebound.
8:02 of 3rd period - Cory Emmerton wins face-off versus Tyler Kennedy in Manchots zone.
8:05 of 3rd period - Slapshot by Cory Emmerton.
8:05 of 3rd period - Shot Misses the Net.
8:07 of 3rd period - Wrist shot by Peter Olvecky.
8:07 of 3rd period - Deflect By Steven Goertzen.
8:07 of 3rd period - Stopped by Ondrej Pavelec without a rebound.
8:08 of 3rd period - Cory Emmerton wins face-off versus Tyler Kennedy in Manchots zone.
8:09 of 3rd period - Wrist shot by Steven Goertzen.
8:09 of 3rd period - Stopped by Ondrej Pavelec with a rebound.
8:11 of 3rd period - Wrist shot by Cory Emmerton.
8:11 of 3rd period - Stopped by Ondrej Pavelec with a rebound.
8:31 of 3rd period - Icing by Fredrik Sjostrom.
8:32 of 3rd period - Tyler Kennedy wins face-off versus John Mitchell in Manchots zone.
8:40 of 3rd period - Off-side.
8:41 of 3rd period - John Mitchell wins face-off versus Logan Couture in neutral zone.
8:46 of 3rd period - Wrist shot by Stefan Ruzicka.
8:46 of 3rd period - Stopped by Ondrej Pavelec without a rebound.
8:47 of 3rd period - Logan Couture wins face-off versus John Mitchell in Manchots zone.
8:50 of 3rd period - Snap shot by Stefan Ruzicka.
8:50 of 3rd period - Shot Misses the Net.
8:58 of 3rd period - Slapshot by Kris Russell.
8:58 of 3rd period - Deflect By Alexander Radulov.
8:58 of 3rd period - Shot Misses the Net.
8:58 of 3rd period - Puck is out of play.
8:59 of 3rd period - John Mitchell wins face-off versus Logan Couture in Machettes zone.
9:33 of 3rd period - Backhand shot by Fredrik Sjostrom.
9:33 of 3rd period - Shot Blocked by Tom Gilbert.
9:45 of 3rd period - Snap shot by Tom Gilbert.
9:45 of 3rd period - Shot Blocked by Hal Gill.
9:51 of 3rd period - Mike Lundin is hit by Ilkka Heikkinen and loses puck.
10:06 of 3rd period - Slapshot by Mike Lundin.
10:06 of 3rd period - Stopped by Ondrej Pavelec with a rebound.
10:08 of 3rd period - Backhand shot by Michal Repik.
10:08 of 3rd period - Shot Misses the Net.
10:41 of 3rd period - Alexander Radulov is hit by Cory Emmerton and loses puck.
11:08 of 3rd period - Tyler Kennedy is hit by Matt Keith and loses puck.
11:23 of 3rd period - Pernell Karl Subban is hit by Brad Winchester and loses puck.
12:33 of 3rd period - Tyler McNeely is hit by Logan Couture and loses puck.
12:52 of 3rd period - Stephane Da Costa is hit by Pernell Karl Subban and loses puck.
13:05 of 3rd period - Snap shot by Stephane Da Costa.
13:05 of 3rd period - Stopped by Ondrej Pavelec without a rebound.
13:06 of 3rd period - John Mitchell wins face-off versus Roman Cervenka in Manchots zone.
13:54 of 3rd period - Pernell Karl Subban is hit by Michal Repik and loses puck.
14:35 of 3rd period - Snap shot by Brad Winchester.
14:35 of 3rd period - Shot Misses the Net.
15:29 of 3rd period - Slapshot by Michal Repik.
15:29 of 3rd period - Shot Misses the Net.
15:31 of 3rd period - Snap shot by Matt Keith.
15:31 of 3rd period - Stopped by Ondrej Pavelec with a rebound.
15:33 of 3rd period - Snap shot by Tyler McNeely.
15:33 of 3rd period - Shot Misses the Net.
16:43 of 3rd period - Peter Olvecky is hit by Spencer Machacek and loses puck.
17:30 of 3rd period - Snap shot by Matt Keith.
17:30 of 3rd period - Shot Blocked by Richard Petiot.
17:32 of 3rd period - Snap shot by Matt Keith.
17:32 of 3rd period - Stopped by Ondrej Pavelec with a rebound.
17:34 of 3rd period - Snap shot by Matt Keith.
17:34 of 3rd period - Stopped by Ondrej Pavelec with a rebound.
17:36 of 3rd period - Wrist shot by Stephane Da Costa.
17:36 of 3rd period - Stopped by Ondrej Pavelec with a rebound.
17:48 of 3rd period - Slapshot by Matt Keith.
17:48 of 3rd period - Goal by Matt Keith - Manchots : 1 - Machettes : 2.
17:49 of 3rd period - Denis Arkhipov wins face-off versus John Mitchell in neutral zone.
18:29 of 3rd period - Peter Olvecky is hit by Alexander Radulov and loses puck.
18:36 of 3rd period - Steven Goertzen is hit by Pernell Karl Subban and loses puck.
18:45 of 3rd period - James Wisniewski is hit by Hal Gill and loses puck.
18:50 of 3rd period - Snap shot by Alexander Radulov.
18:50 of 3rd period - Stopped by Mathieu Garon with a rebound.
19:00 of 3rd period - Manchots, Ondrej Pavelec is pulled from the net.
19:02 of 3rd period - Wrist shot by Alexander Radulov.
19:02 of 3rd period - Goal by Alexander Radulov - Manchots : 2 - Machettes : 2.
19:02 of 3rd period - Ondrej Pavelec from Manchots was sent back in the game.
19:03 of 3rd period - Stephane Da Costa wins face-off versus Denis Arkhipov in neutral zone.
19:08 of 3rd period - Snap shot by Mike Lundin.
19:08 of 3rd period - Shot Blocked by Ilkka Heikkinen.
19:10 of 3rd period - Snap shot by Tyler McNeely.
19:10 of 3rd period - Shot Misses the Net.
19:12 of 3rd period - Slapshot by Tyler McNeely.
19:12 of 3rd period - Shot Misses the Net.
19:14 of 3rd period - Wrist shot by Tom Gilbert.
19:14 of 3rd period - Deflect By Tyler McNeely.
19:14 of 3rd period - Machettes goal is going for a video replay.
19:14 of 3rd period - The goal is refused. The puck has been directed, batted or thrown into the net by an attacking player other than with a stick..
19:15 of 3rd period - Denis Arkhipov wins face-off versus Stephane Da Costa in Manchots zone.
19:47 of 3rd period - Wrist shot by Wade Belak.
19:47 of 3rd period - Shot Blocked by Mike Lundin.
19:49 of 3rd period - Slapshot by Ilkka Heikkinen.
19:49 of 3rd period - Shot Blocked by Tom Gilbert.

Overtime #1


0:01 of 1st overtime period - Brad Winchester wins face-off versus Logan Couture in neutral zone.
0:16 of 1st overtime period - Wrist shot by Stefan Ruzicka.
0:16 of 1st overtime period - Stopped by Ondrej Pavelec without a rebound.
0:17 of 1st overtime period - Petr Sykora wins face-off versus Brad Winchester in Manchots zone.
1:37 of 1st overtime period - Off-side.
1:38 of 1st overtime period - Alexander Radulov wins face-off versus Brad Winchester in neutral zone.
2:28 of 1st overtime period - Snap shot by Matt Keith.
2:28 of 1st overtime period - Stopped by Ondrej Pavelec without a rebound.
2:29 of 1st overtime period - Logan Couture wins face-off versus Matt Keith in Manchots zone.
2:58 of 1st overtime period - Ilkka Heikkinen is hit by James Wisniewski and loses puck.
3:06 of 1st overtime period - Off-side.
3:07 of 1st overtime period - Brad Winchester wins face-off versus Logan Couture in neutral zone.
3:32 of 1st overtime period - Richard Petiot is hit by Tom Gilbert.
3:40 of 1st overtime period - Slapshot by Fredrik Sjostrom.
3:40 of 1st overtime period - Stopped by Mathieu Garon with a rebound.
3:56 of 1st overtime period - James Wisniewski is hit by Pernell Karl Subban and loses puck.
4:24 of 1st overtime period - Minor Penalty to Jamie Benn for Goalie Interference.
4:25 of 1st overtime period - Denis Arkhipov wins face-off versus Brad Winchester in Manchots zone.

ShootOut


5:00 of 1st overtime period - Penalty Shot by Alexander Radulov for Manchots.
5:00 of 1st overtime period - Wrist shot by Alexander Radulov.
5:00 of 1st overtime period - Shot Misses the Net.
5:00 of 1st overtime period - Penalty Shot by Brad Winchester for Machettes.
5:00 of 1st overtime period - Deke by Brad Winchester.
5:00 of 1st overtime period - Goal by Brad Winchester.
5:00 of 1st overtime period - Penalty Shot by Fredrik Sjostrom for Manchots.
5:00 of 1st overtime period - Snap shot by Fredrik Sjostrom.
5:00 of 1st overtime period - Goal by Fredrik Sjostrom.
5:00 of 1st overtime period - Penalty Shot by Stefan Ruzicka for Machettes.
5:00 of 1st overtime period - Deke by Stefan Ruzicka.
5:00 of 1st overtime period - Stopped by Ondrej Pavelec.
5:00 of 1st overtime period - Penalty Shot by Petr Sykora for Manchots.
5:00 of 1st overtime period - Snap shot by Petr Sykora.
5:00 of 1st overtime period - Stopped by Mathieu Garon.
5:00 of 1st overtime period - Penalty Shot by Steven Goertzen for Machettes.
5:00 of 1st overtime period - Snap shot by Steven Goertzen.
5:00 of 1st overtime period - Goal by Steven Goertzen.


Output by the SimonT Hockey Simulator (STHS) for François Prévost -- Original Page W3C XHTML 1.0 Valid
Hockey Simulator - Hockey Simulation - Hockey Manager